[Event "ECo-C Extraliga 2023-24"]
[Site "Slovakia"]
[Date "2024.02.24"]
[Round "7.5"]
[White "Kusiak, Matej"]
[Black "Dobrotka, Martin"]
[Result "0-1"]
[ECO "B74"]
[WhiteElo "2250"]
[BlackElo "2166"]
[Annotator "TA"]
[PlyCount "158"]
[EventDate "2023.10.06"]
[EventType "team-tourn"]
[EventCountry "SVK"]
[SourceTitle "playchess.com"]
[Source "ChessBase"]
[SourceQuality "1"]
[TimeControl "40/5400+30:1800+30"]

1. e4 c5 2. Nf3 Nc6 3. Nc3 g6 4. d4 cxd4 5. Nxd4 Bg7 6. Be3 Nf6 7. Nb3 O-O 8. Be2 d6 9. O-O Bd7 10. f4 Qc8 11. h3 {[%emt 0:03:37] B74: Sizilianisch (Drachen-Variante).} Rb8 12. Bf3 b5 13. Qd2 $146 ({Predecessor:} 13. a3 a5 14. Nd4 Nxd4 15. Bxd4 Bc6 16. Nd5 Nxd5 17. exd5 Bb7 18. Bxg7 Kxg7 19. Qd4+ {0-1 Martin,S-Braak,D Lansing-chMI op 1985 (7)}) 13... a5 14. a4 b4 15. Nd5 Qd8 16. Rab1 Ne8 17. Bf2 e6 18. Ne3 Ne7 19. Bh4 Bxa4 20. Rfd1 Bxb3 (20... Qc7 $5) 21. cxb3 Bf6 (21... Bh6 $11) 22. Bf2 d5 23. exd5 exd5 24. Qe2 Nc7 25. Ng4 Nf5 (25... Bg7 $11 {bleibt in der Remisbreite.}) 26. Nxf6+ (26. Bxd5 $1 $16 Nxd5 27. Rxd5 (27. Nxf6+ Qxf6 28. Rxd5 Rfe8 $11)) 26... Qxf6 $11 27. Qe5 Qxe5 28. fxe5 Rfe8 29. Rbc1 Ne6 30. Rxd5 Nf4 31. Rd7 Rxe5 32. Rcc7 Rf8 33. Bc5 Ne6 34. Bxf8 Nxc7 35. Rd8 $2 (35. Bxb4 $1 $11 {und Weiss muss sich keine Sorgen machen.} axb4 36. Rxc7) 35... Ne8 $19 36. Bc5 Rxc5 37. Rxe8+ Kg7 38. Rd8 h5 39. g4 (39. Be4 $142) 39... hxg4 40. hxg4 Nh4 41. Bd5 (41. Bd1 $142) 41... f6 42. Kf2 Kh6 $1 43. Kg3 Kg5 44. Bc4 Re5 45. Rd3 f5 46. gxf5 gxf5 ({Keinesfalls} 46... Nxf5+ 47. Kf3) (46... Rxf5 $142 47. Re3 Rf4 48. Re5+ Nf5+ 49. Kg2 a4) 47. Kf2 $17 Ng6 48. Rg3+ Kf6 49. Rd3 Nf4 (49... Re4 $1 $17 {Und ...Ne5 würde nun gewinnen.} 50. Rd5 Ne5) 50. Rd6+ Kg5 51. Kf3 (51. Rd7 $17) 51... Ng6 52. Bf7 Nh4+ 53. Kf2 f4 ({Günstiger ist} 53... Kf4 $17 {Zielt auf ...Nf3 ab.} 54. Rd3 Re7) 54. Ra6 (54. Rc6 $1 $15) 54... Rc5 $1 $17 55. Bc4 {[%emt 0:00:00] [#]} Ng6 $1 56. Ra8 $2 (56. Bd3 $17 Ne5 57. Be4) 56... Ne5 $19 57. Ke2 Kf5 58. Bd3+ (58. Bg8 $142 Rc2+ 59. Kd1) 58... Nxd3 $19 59. Kxd3 Re5 60. Kd4 Re4+ 61. Kd3 Re3+ 62. Kc4 f3 63. Rxa5+ Kg4 64. Ra8 f2 65. Rg8+ Kf3 66. Rf8+ Ke2 67. Rxf2+ Kxf2 68. Kxb4 Kf3 69. Kc4 Re2 70. b4 Rxb2 71. b5 Ke4 72. Kc5 Ke5 73. Kc6 Ke6 74. b6 {[%emt 0:00:23] [#]} Rc2+ $1 75. Kb7 Kd7 76. Kb8 Kc6 77. b7 Kb6 78. Ka8 Ra2+ 79. Kb8 Ra7 0-1

[Event "ECo-C Extraliga 2023-24"]
[Site "Slovakia"]
[Date "2024.02.24"]
[Round "7.5"]
[White "Karas, Marek"]
[Black "Zetocha, Claudiu Andrei"]
[Result "0-1"]
[ECO "A46"]
[WhiteElo "2244"]
[BlackElo "2277"]
[Annotator "ChessBase"]
[PlyCount "152"]
[EventDate "2023.10.06"]
[EventType "team-tourn"]
[EventCountry "SVK"]
[SourceTitle "playchess.com"]
[Source "ChessBase"]
[SourceQuality "1"]
[TimeControl "40/5400+30:1800+30"]

1. d4 Nf6 2. Nf3 e6 3. c4 c5 4. g3 cxd4 5. Nxd4 a6 6. Bg2 Qc7 7. Nd2 Nc6 8. Nxc6 bxc6 9. O-O Rb8 10. Qc2 c5 11. b3 Bb7 12. Bb2 Be7 13. Ne4 Bxe4 14. Bxe4 h6 15. Bf3 O-O 16. Rad1 d6 17. Rd3 Rfd8 18. Bc3 Ne8 19. Qd2 Rd7 20. e4 Bg5 21. Qd1 Rdd8 22. Qe1 Qa7 23. Ba5 Rdc8 24. e5 dxe5 25. Qxe5 Bd8 26. Bd2 Bf6 27. Qe4 Bd4 28. Qg4 Nf6 29. Qh4 Rd8 30. Kg2 a5 31. Rd1 Qb6 32. Be1 e5 33. R3d2 Qa6 34. Re2 a4 35. Rb1 axb3 36. axb3 Qa3 37. Bd2 Rxb3 38. Rxb3 Qxb3 39. Bxh6 Rd6 40. Qg5 Ne8 41. Qe7 Re6 42. Qd8 gxh6 43. Bd5 Qb6 44. Qh4 Rf6 45. f4 Qb1 46. Qg4+ Kf8 47. Be4 Qc1 48. Bd5 exf4 49. Kh3 f3 50. Bxf3 Qf1+ 51. Bg2 Qf5 52. Bd5 Qxg4+ 53. Kxg4 Rf2 54. Rxf2 Bxf2 55. Kf3 Bd4 56. h4 Ke7 57. g4 Bf6 58. Kg3 Nc7 59. Be4 Bc3 60. g5 Bd2 61. Kg4 Ne6 62. gxh6 Bxh6 63. Kf5 Ng7+ 64. Ke5 Be3 65. Bf3 Bd4+ 66. Kf4 Kf6 67. h5 Ne6+ 68. Kg4 Be3 69. Bd5 Ke5 70. Kf3 Bh6 71. Kg4 f5+ 72. Kf3 Ng5+ 73. Kg3 Ne4+ 74. Kf3 Kd4 75. Kg2 Nd2 76. Be6 Nxc4 0-1

[Event "ECo-C Extraliga 2023-24"]
[Site "Slovakia"]
[Date "2024.02.24"]
[Round "7.6"]
[White "Likavsky, Tomas"]
[Black "Motuz, Karol"]
[Result "1/2-1/2"]
[ECO "E04"]
[WhiteElo "2406"]
[BlackElo "2294"]
[Annotator "RC"]
[PlyCount "86"]
[EventDate "2023.10.06"]
[EventType "team-tourn"]
[EventCountry "SVK"]
[SourceTitle "playchess.com"]
[Source "ChessBase"]
[SourceQuality "1"]
[TimeControl "40/5400+30:1800+30"]

1. d4 d5 2. c4 e6 3. Nf3 Nf6 4. g3 dxc4 5. Bg2 a6 6. Ne5 Bb4+ 7. Nc3 Nd5 8. Bd2 b5 9. O-O Bxc3 10. bxc3 Bb7 11. e4 Nf6 12. Qb1 Nbd7 13. Nxc4 Bxe4 14. Bxe4 Nxe4 15. Qxe4 bxc4 16. Bg5 Qc8 17. Qc6 O-O 18. Qxc4 c5 19. Rfd1 Re8 20. Be3 cxd4 21. Qxd4 Nf6 22. c4 e5 23. Qh4 Ng4 24. Rac1 Nxe3 25. fxe3 Qc5 26. Kf2 Rac8 27. Qe4 Red8 28. Ke2 g6 29. g4 Rxd1 30. Kxd1 Rd8+ 31. Ke2 Qd6 32. Kf3 f5 33. gxf5 gxf5 34. Qc2 e4+ 35. Kg2 Qd2+ 36. Qxd2 Rxd2+ 37. Kg3 Kf7 38. c5 Ke7 39. Kf4 Rxh2 40. Kxf5 Rxa2 41. Kxe4 Kd7 42. Ke5 a5 43. e4 a4 1/2-1/2

[Event "ECo-C Extraliga 2023-24"]
[Site "Slovakia"]
[Date "2024.02.24"]
[Round "7.6"]
[White "Varga, Zoltan"]
[Black "Lipka, Juraj"]
[Result "1/2-1/2"]
[ECO "E04"]
[WhiteElo "2366"]
[BlackElo "2356"]
[Annotator "RC"]
[PlyCount "33"]
[EventDate "2023.10.06"]
[EventType "team-tourn"]
[EventCountry "SVK"]
[SourceTitle "playchess.com"]
[Source "ChessBase"]
[SourceQuality "1"]
[TimeControl "40/5400+30:1800+30"]

1. d4 d5 2. Nf3 Nf6 3. g3 e6 4. Bg2 c5 5. O-O Nc6 6. c4 dxc4 7. dxc5 Qxd1 8. Rxd1 Bxc5 9. Nbd2 c3 10. bxc3 Bd7 11. Nb3 Be7 12. Nfd4 Nxd4 13. cxd4 Nd5 14. Bb2 f5 15. Rac1 b6 16. Nd2 O-O 17. Nb1 1/2-1/2

[Event "ECo-C Extraliga 2023-24"]
[Site "Slovakia"]
[Date "2024.02.24"]
[Round "7.6"]
[White "Urhegyi, Marton"]
[Black "Cech, Pavel"]
[Result "1/2-1/2"]
[ECO "C00"]
[WhiteElo "2255"]
[BlackElo "2346"]
[Annotator "TA"]
[PlyCount "74"]
[EventDate "2023.10.06"]
[EventType "team-tourn"]
[EventCountry "SVK"]
[SourceTitle "playchess.com"]
[Source "ChessBase"]
[SourceQuality "1"]
[TimeControl "40/5400+30:1800+30"]

1. e4 e6 2. d4 d5 3. Bd3 dxe4 4. Bxe4 Nf6 5. Bf3 c5 6. Ne2 Nc6 7. Be3 Be7 8. Nbc3 cxd4 {[%emt 0:01:04] Die Stellung ist ausgeglichen.} 9. Nxd4 Ne5 10. Qe2 {[%emt 0:06:49] Und 0-0-0 würde nun gewinnen.} Nxf3+ 11. Qxf3 a6 (11... Bd7 $11) 12. O-O-O $14 Qc7 13. Rhe1 O-O (13... Bd7 $1 $14) 14. Bf4 $16 Qc4 15. Nf5 $1 exf5 16. Rxe7 Ne4 {[%emt 0:02:59] Schwarz hat schwache schwarze Felder} 17. Rc7 $36 {[%emt 0:25:46][%mdl 2048] Weiss hat starke Initiative.} Qe6 18. Nd5 {[%emt 0:00:38] Droht Qa3 und aus. Weiß hat aktiveres Spiel. Die schwarzen Türme stehen passiv.} Bd7 {[%emt 0:10:54] [#]} 19. Rxd7 $1 Qxd7 {[%emt 0:00:33] [#]} 20. Nf6+ $1 Nxf6 21. Rxd7 Nxd7 22. Qxb7 Rfe8 (22... Nc5 $16 {ist eine bessere Verteidigung.} 23. Qb6 Rfc8) 23. Be3 ({Schwächer ist} 23. Qxd7 Rad8 $17) (23. b4 $18 Nf6 24. f3) 23... Ne5 {[%emt 0:04:28] [#]} 24. b3 {[%emt 0:01:43] Es drohte Nc4} Ng4 25. Bd4 Rad8 26. c3 Re6 27. h3 Nf6 28. Qf3 g6 29. g4 fxg4 30. hxg4 Nd5 31. a4 Nb4 32. Kb2 Nc6 33. Be3 Ne5 34. Qg3 Nd3+ 35. Ka3 Ne1 36. Qc7 Rde8 37. Kb2 {[%emt 0:00:54] Verhindert Nc2.} (37. Bc5 $142) 37... Nd3+ {[%emt 0:00:19] Gewichteter Fehlerwert: Weiß=0.09 (makellos) /Schwarz=0.11 (sehr präzise) .  Fehler:       	Weiß=2     	Schwarz=3     Ungenau:       	---       	Schwarz=1     OK:         	Weiß=13    	Schwarz=13    Bester:       	Weiß=3     	Schwarz=2     Stark:        	Weiß=1     	---        Brilliant:      	Weiß=1     	---} 1/2-1/2

[Event "ECo-C Extraliga 2023-24"]
[Site "Slovakia"]
[Date "2024.02.24"]
[Round "7.6"]
[White "Lanc, Alois"]
[Black "Skreko, Igor"]
[Result "0-1"]
[ECO "E76"]
[WhiteElo "2248"]
[BlackElo "2103"]
[Annotator "ChessBase"]
[PlyCount "120"]
[EventDate "2023.10.06"]
[EventType "team-tourn"]
[EventCountry "SVK"]
[SourceTitle "playchess.com"]
[Source "ChessBase"]
[SourceQuality "1"]
[TimeControl "40/5400+30:1800+30"]

1. d4 Nf6 2. c4 g6 3. Nc3 Bg7 4. e4 d6 5. f4 O-O 6. Nf3 c5 7. dxc5 Qa5 8. Bd3 Qxc5 9. Qe2 Nc6 10. Be3 Qa5 11. O-O Ng4 12. Bd2 Nd4 13. Nxd4 Bxd4+ 14. Kh1 Qc5 15. Nd5 Re8 16. b4 Qc6 17. c5 Bd7 18. b5 Qc8 19. c6 bxc6 20. bxc6 Qxc6 21. Rac1 Bc5 22. Bc3 Be6 23. Bb5 Qb7 24. Bxe8 Rxe8 25. f5 Bxd5 26. Qxg4 Bxe4 27. Rf4 Be3 28. Rxe4 Bxc1 29. Re1 Bh6 30. Qh4 Qc8 31. Qd4 f6 32. fxg6 hxg6 33. h3 Qc6 34. Bb4 Bf8 35. Qxa7 Ra8 36. Qe3 Qd5 37. a3 Rc8 38. Qg3 Kf7 39. Qh4 e5 40. Qf2 Rc4 41. Qe2 Qc6 42. Rf1 Rc2 43. Qg4 Bh6 44. Rd1 d5 45. h4 Rc1 46. Rxc1 Qxc1+ 47. Kh2 Qf4+ 48. Qxf4 Bxf4+ 49. g3 Bc1 50. a4 d4 51. a5 d3 52. a6 Be3 53. g4 Ba7 54. Kg3 f5 55. g5 e4 56. Kf4 e3 57. Kf3 f4 58. Bc3 d2 59. Ke2 f3+ 60. Kd1 f2 0-1

[Event "ECo-C Extraliga 2023-24"]
[Site "Slovakia"]
[Date "2024.02.24"]
[Round "7.6"]
[White "Kalisky, Vladimir"]
[Black "Ihnat, Marek"]
[Result "1/2-1/2"]
[ECO "B13"]
[WhiteElo "2175"]
[BlackElo "2111"]
[Annotator "RC"]
[PlyCount "169"]
[EventDate "2023.10.06"]
[EventType "team-tourn"]
[EventCountry "SVK"]
[SourceTitle "playchess.com"]
[Source "ChessBase"]
[SourceQuality "1"]
[TimeControl "40/5400+30:1800+30"]

1. e4 c6 2. d4 d5 3. exd5 cxd5 4. c3 Nc6 5. Bf4 Bf5 6. Nf3 e6 7. Qb3 Qd7 8. Nbd2 f6 9. h3 g5 10. Bg3 h5 11. Be2 Nh6 12. Nf1 h4 13. Bh2 Be4 14. Ne3 Nf5 15. Ng4 Be7 16. O-O Nh6 17. Nd2 Bg6 18. f4 gxf4 19. Nxh6 Rxh6 20. Bxf4 Rh7 21. Rae1 Bf5 22. Qd1 O-O-O 23. Bg4 Bxg4 24. Qxg4 e5 25. Qxd7+ Rxd7 26. dxe5 fxe5 27. Bxe5 Nxe5 28. Rxe5 d4 29. cxd4 Rxd4 30. Rc1+ Kd7 31. Nf3 Rd6 32. Rec5 Rb6 33. Rd1+ Rd6 34. Rcc1 Rxd1+ 35. Rxd1+ Kc7 36. b3 Bd6 37. Rc1+ Kb6 38. Kf2 Bg3+ 39. Ke3 Re7+ 40. Kd3 Rd7+ 41. Kc2 Rc7+ 42. Kb1 Re7 43. Rc4 Re2 44. Nxh4 Bxh4 45. Rxh4 Rxg2 46. Rg4 Rh2 47. Rg3 a6 48. a3 Kb5 49. Rc3 Ka5 50. Kc1 Kb5 51. Kd1 a5 52. Ke1 b6 53. Kf1 Ra2 54. a4+ Kb4 55. Rf3 Rh2 56. Kg1 Rd2 57. h4 Rd5 58. Rh3 Rh5 59. Kg2 Rh6 60. h5 Ka3 61. Kf2 Kb4 62. Ke2 Ka3 63. Kd2 Kb2 64. Kd1 Rd6+ 65. Ke2 Rh6 66. Kd2 Rd6+ 67. Ke3 Kxb3 68. h6 Rd8 69. h7 Rh8 70. Rh4 b5 71. axb5 a4 72. b6 a3 73. Kd4 a2 74. Rh1 Rxh7 75. Rg1 Kb2 76. Rg2+ Ka3 77. Rg1 Rh3 78. Kc5 Rb3 79. Ra1 Rb1 80. Rxa2+ Kxa2 81. Kc6 Ka3 82. b7 Ka4 83. Kc7 Rc1+ 84. Kd7 Rb1 85. Kc7 1/2-1/2

[Event "ECo-C Extraliga 2023-24"]
[Site "Slovakia"]
[Date "2024.02.24"]
[Round "7.7"]
[White "Kaczmarek, Aleksander"]
[Black "Szucs, Vladimir"]
[Result "1-0"]
[ECO "C02"]
[WhiteElo "2362"]
[BlackElo "2067"]
[Annotator "TA"]
[PlyCount "47"]
[EventDate "2023.10.06"]
[EventType "team-tourn"]
[EventCountry "SVK"]
[SourceTitle "playchess.com"]
[Source "ChessBase"]
[SourceQuality "1"]
[TimeControl "40/5400+30:1800+30"]

1. e4 e6 2. d4 d5 3. e5 c5 4. c3 Nc6 5. Nf3 Bd7 6. Bd3 cxd4 7. O-O dxc3 8. Nxc3 Nge7 {[%emt 0:01:18] Black is slightly better.} 9. Bg5 {[%emt 0:02:13] Nb5 is the strong threat.} Qb8 10. Re1 Ng6 11. Qe2 Be7 12. Bxe7 Ncxe7 13. g3 O-O 14. h4 {[%emt 0:02:54][%cal Bh2h4,Bh4h5][%mdl 32] Strongly threatening h5.} Nc6 15. h5 Nge7 16. Rad1 f6 17. exf6 gxf6 18. Bb1 Kh8 19. a3 Qe8 20. Kg2 Rd8 (20... Qxh5 21. Rh1 Qf7 22. Rxh7+ (22. Bxh7 Qxh7 23. Ne4 e5 $18) 22... Qxh7 23. Bxh7 Kxh7 24. Rf1 $11) 21. Nb5 {[%emt 0:09:23] [#]} ({Better is} 21. b4) 21... Nc8 (21... Qxh5 $2 {perishes.} 22. Rh1 Qg4 23. Rxh7+ (23. Bxh7 Kg7 $18) (23. Rh4 Qg7 $18) 23... Kg8 24. Rdh1 $18) ({Black should try} 21... e5 $1 $17 {[%cal Od7g4] And now ...Bg4! would win.} 22. Nh4 Bc8) 22. Rh1 Qf7 23. Nh4 Rg8 $2 {[%emt 0:03:31][%mdl 8192] [#] Prevents Ng6+.} (23... Kg8 $11) 24. Ng6+ $1 {[%emt 0:00:30][%mdl 512] Weighted Error Value: White=0.11 (very precise) /Black=0.15 (very precise) .  Loses game:     	---       	Black=1      Mistake:       	White=1     	Black=1      Inaccurate:     	White=2     	---        OK:         	White=5     	Black=9      Brilliant:      	White=1     	---} 1-0

[Event "ECo-C Extraliga 2023-24"]
[Site "Slovakia"]
[Date "2024.02.24"]
[Round "7.7"]
[White "Bango, Lukas"]
[Black "Pasti, Aron"]
[Result "0-1"]
[ECO "E06"]
[WhiteElo "2255"]
[BlackElo "2389"]
[Annotator "RC"]
[PlyCount "125"]
[EventDate "2023.10.06"]
[EventType "team-tourn"]
[EventCountry "SVK"]
[SourceTitle "playchess.com"]
[Source "ChessBase"]
[SourceQuality "1"]
[TimeControl "40/5400+30:1800+30"]

1. Nf3 d5 2. d4 Nf6 3. g3 e6 4. Bg2 Be7 5. O-O O-O 6. c4 c6 7. Nc3 b6 8. b3 Ba6 9. cxd5 cxd5 10. Bb2 Nc6 11. a3 Na5 12. Re1 b5 13. Ne5 b4 14. Na4 Ne4 15. f3 Nd6 16. e4 dxe4 17. fxe4 bxa3 18. Bxa3 Bb5 19. Nc3 Be8 20. Bc5 Nab7 21. Kh1 Qc7 22. b4 Nxc5 23. bxc5 Nb5 24. Nxb5 Bxb5 25. Qb3 a6 26. Qe3 Bxc5 27. Rec1 Qxe5 28. Rxc5 Qb8 29. e5 Ra7 30. d5 Rd7 31. d6 f6 32. Bh3 Re8 33. exf6 Qxd6 34. fxg7 Rxg7 35. Re1 Rg6 36. Bg2 Rd8 37. Rg5 Bc4 38. Rxg6+ hxg6 39. Qe4 Qd3 40. Qxd3 Rxd3 41. Be4 Rd2 42. Bxg6 a5 43. Kg1 a4 44. Ra1 Ra2 45. Rc1 Bd5 46. h4 Rg2+ 47. Kf1 Rh2 48. Rc3 Ra2 49. h5 Kg7 50. Ke1 Bb3 51. Be8 Rb2 52. Rc7+ Kh6 53. Ra7 Ra2 54. g4 Bd5 55. Ra5 a3 56. g5+ Kxg5 57. Bc6 Kh6 58. Bxd5 exd5 59. Kd1 d4 60. Kc1 d3 61. Kd1 Ra1+ 62. Kd2 a2 63. Kc3 0-1

[Event "ECo-C Extraliga 2023-24"]
[Site "Slovakia"]
[Date "2024.02.24"]
[Round "7.7"]
[White "Gasa, Andrej"]
[Black "Petran, Peter"]
[Result "1-0"]
[ECO "B08"]
[WhiteElo "2140"]
[BlackElo "2205"]
[Annotator "RC"]
[PlyCount "61"]
[EventDate "2023.10.06"]
[EventType "team-tourn"]
[EventCountry "SVK"]
[SourceTitle "playchess.com"]
[Source "ChessBase"]
[SourceQuality "1"]
[TimeControl "40/5400+30:1800+30"]

1. e4 g6 2. d4 Bg7 3. Nf3 d6 4. h3 Nf6 5. Nc3 O-O 6. Be3 c6 7. a4 Qc7 8. Bc4 Nbd7 9. Bb3 b6 10. O-O a6 11. e5 dxe5 12. dxe5 Nxe5 13. Nxe5 Qxe5 14. Bxb6 Nd7 15. Re1 Qd6 16. Be3 Qc7 17. a5 Bxc3 18. bxc3 Nf6 19. Qf3 Nd5 20. Bh6 Rd8 21. c4 Nf6 22. Bf4 Qb7 23. Ba4 Ra7 24. Rab1 Qd7 25. Bxc6 Qf5 26. Bb8 Qxf3 27. gxf3 Rad7 28. Bxd7 Rxd7 29. Be5 Kg7 30. Red1 Ra7 31. c5 1-0

[Event "ECo-C Extraliga 2023-24"]
[Site "Slovakia"]
[Date "2024.02.24"]
[Round "7.7"]
[White "Sepesi, Samuel"]
[Black "Suchansky, Jakub"]
[Result "1/2-1/2"]
[ECO "B01"]
[WhiteElo "2087"]
[BlackElo "1965"]
[Annotator "NA RC"]
[PlyCount "52"]
[EventDate "2023.10.06"]
[EventType "team-tourn"]
[EventCountry "SVK"]
[SourceTitle "playchess.com"]
[Source "ChessBase"]
[SourceQuality "1"]
[TimeControl "40/5400+30:1800+30"]

1. e4 d5 2. exd5 Qxd5 3. Nc3 Qa5 4. d4 Nf6 5. Bc4 c6 6. Nf3 Bf5 7. Bd2 Qc7 8. Bb3 e6 9. Qe2 Nbd7 10. O-O-O O-O-O 11. Rhe1 Bd6 12. h3 Bf4 13. Kb1 Bxd2 14. Rxd2 Kb8 15. Red1 Nb6 16. Qe5 Qxe5 17. dxe5 Rxd2 18. Rxd2 Ne4 19. Nxe4 Bxe4 20. Ng5 Bg6 21. f4 h6 22. f5 hxg5 23. fxg6 fxg6 24. Bxe6 Re8 25. Bg4 Rxe5 26. b3 Nd5 1/2-1/2

[Event "ECo-C Extraliga 2023-24"]
[Site "Slovakia"]
[Date "2024.02.24"]
[Round "7.8"]
[White "Csonka, Attila Istvan"]
[Black "Danada, Tomas"]
[Result "1-0"]
[ECO "C07"]
[WhiteElo "2294"]
[BlackElo "2219"]
[Annotator "ChessBase"]
[PlyCount "101"]
[EventDate "2023.10.06"]
[EventType "team-tourn"]
[EventCountry "SVK"]
[SourceTitle "playchess.com"]
[Source "ChessBase"]
[SourceQuality "1"]
[TimeControl "40/5400+30:1800+30"]

1. e4 e6 2. d4 d5 3. Nd2 c5 4. Ngf3 Nc6 5. Bb5 a6 6. exd5 axb5 7. dxc6 bxc6 8. c3 Nf6 9. O-O Qd5 10. Re1 cxd4 11. Nxd4 Be7 12. Qf3 Qxf3 13. N2xf3 Ra6 14. Ne5 Bb7 15. Bg5 h6 16. Bxf6 Bxf6 17. Nb3 Be7 18. Nd3 O-O 19. Ndc5 Ra7 20. Rad1 Bc8 21. a3 Rd8 22. f4 Rxd1 23. Rxd1 g5 24. g3 Kg7 25. Kf2 g4 26. Ke2 f6 27. Ne4 Rd7 28. Rxd7 Bxd7 29. Nbc5 Bc8 30. Nd3 Kg6 31. Ke3 Kf5 32. b3 e5 33. fxe5 fxe5 34. Ndc5 Be6 35. a4 Bd8 36. axb5 cxb5 37. Nd6+ Kf6 38. Nxe6 Kxe6 39. Nxb5 Kd5 40. c4+ Kc5 41. Ke4 Kb4 42. Kxe5 Kxb3 43. c5 Kc4 44. Nd6+ Kd3 45. Kf5 h5 46. c6 Ke3 47. Ne8 Kf3 48. c7 Bxc7 49. Nxc7 Kg2 50. Kg5 Kxh2 51. Kh4 1-0

[Event "ECo-C Extraliga 2023-24"]
[Site "Slovakia"]
[Date "2024.02.24"]
[Round "7.8"]
[White "Beres, Tomas"]
[Black "Rucek, Kristian"]
[Result "1-0"]
[ECO "C09"]
[WhiteElo "2128"]
[BlackElo "2168"]
[Annotator "RC"]
[PlyCount "92"]
[EventDate "2023.10.06"]
[EventType "team-tourn"]
[EventCountry "SVK"]
[SourceTitle "playchess.com"]
[Source "ChessBase"]
[SourceQuality "1"]
[TimeControl "40/5400+30:1800+30"]

1. e4 e6 2. d4 d5 3. Nd2 c5 4. exd5 exd5 5. Ngf3 Nc6 6. Be2 Nf6 7. O-O cxd4 8. Nb3 Be7 9. Nfxd4 O-O 10. Bf4 Bd7 11. Re1 Re8 12. Bf3 a5 13. a4 Nxd4 14. Qxd4 Bb4 15. c3 Bf8 16. Bg5 Be6 17. Bxf6 Qxf6 18. Qxf6 gxf6 19. Nd4 Rac8 20. Rad1 Bd6 21. Nb5 Be5 22. g3 Red8 23. Bg2 Rc4 24. f4 Bc7 25. Nxc7 Rxc7 26. Rd4 Rc4 27. Red1 Rd7 28. Rxc4 dxc4 29. Rxd7 Bxd7 30. Bxb7 Bxa4 31. Bd5 Bb5 32. Kf2 Kf8 33. Ke3 Ke7 34. Kd4 Be8 35. Kc5 f5 36. Bc6 Bd7 37. Bxd7 Kxd7 38. Kxc4 Kc6 39. b4 a4 40. b5+ Kb6 41. Kb4 a3 42. Kxa3 Kxb5 43. Kb3 Kc5 44. Kc2 Kc4 45. Kd2 h5 46. h4 Kd5 1-0

[Event "ECo-C Extraliga 2023-24"]
[Site "Slovakia"]
[Date "2024.02.24"]
[Round "7.8"]
[White "Hudoba, Ondrej"]
[Black "Smetana, Peter"]
[Result "0-1"]
[ECO "B52"]
[WhiteElo "2033"]
[BlackElo "1900"]
[Annotator "NA RC"]
[PlyCount "64"]
[EventDate "2023.10.06"]
[EventType "team-tourn"]
[EventCountry "SVK"]
[SourceTitle "playchess.com"]
[Source "ChessBase"]
[SourceQuality "1"]
[TimeControl "40/5400+30:1800+30"]

1. e4 c5 2. Nf3 d6 3. Bb5+ Bd7 4. Bxd7+ Qxd7 5. O-O Nc6 6. d4 cxd4 7. Nxd4 Nf6 8. Re1 e6 9. c4 Be7 10. Nc3 O-O 11. b3 a6 12. Bg5 Rac8 13. Rc1 Rfd8 14. Be3 Nxd4 15. Bxd4 Qc6 16. a4 Rd7 17. h3 e5 18. Be3 Nxe4 19. Nd5 Bd8 20. b4 Ra8 21. g4 Nf6 22. g5 Ne8 23. a5 f6 24. h4 Rf7 25. f4 fxg5 26. fxg5 g6 27. Qg4 Qc8 28. Qg2 Ng7 29. c5 dxc5 30. Bxc5 Qe6 31. Bd4 Rf5 32. Qe4 exd4 0-1

[Event "ECo-C Extraliga 2023-24"]
[Site "Slovakia"]
[Date "2024.02.25"]
[Round "8"]
[White "Aczel, Gergely"]
[Black "Pechac, Jergus"]
[Result "1/2-1/2"]
[ECO "E42"]
[WhiteElo "2481"]
[BlackElo "2575"]
[Annotator "TA"]
[PlyCount "56"]
[EventDate "2023.10.06"]
[EventType "team-tourn"]
[EventCountry "SVK"]
[SourceTitle "playchess.com"]
[Source "ChessBase"]
[SourceQuality "1"]
[TimeControl "40/5400+30:1800+30"]

1. d4 Nf6 2. c4 e6 3. Nc3 Bb4 4. e3 c5 5. Nge2 d6 6. a3 Ba5 7. dxc5 dxc5 8. Qxd8+ Kxd8 9. b3 {[%emt 0:00:44] White has an edge.} Ke7 10. Bb2 Bd7 11. f3 Bc6 12. O-O-O a6 13. h4 (13. a4 $11) 13... Nbd7 (13... b5 $15) 14. Nf4 $11 Bc7 15. h5 g5 16. Nd3 b5 17. e4 Rhb8 18. cxb5 axb5 19. b4 (19. Kb1 $11) 19... c4 $17 20. Ne1 Bb6 (20... Nb6 $17) 21. Nc2 $11 {[%emt 0:00:11] The position is equal.} Rd8 {[%emt 0:00:05] [#]} 22. a4 $1 bxa4 23. Bxc4 Rdc8 {[%emt 0:02:12][%cal Oc6e4] Hoping for ...Bxe4!} 24. Be2 Ne5 25. Kb1 Nfd7 26. Na3 Be3 27. Ncb5 Rab8 28. Ka2 Rb6 {[%emt 0:05:58] Weighted Error Value: White=0.15 (very precise) /Black=0.16 (very precise) .  Mistake:       	White=2     	Black=3      Inaccurate:     	White=2     	Black=2      OK:         	White=9     	Black=7      Best:        	---       	Black=1} (28... Bxb5 $11 29. Bxb5 Bf4) 1/2-1/2

[Event "ECo-C Extraliga 2023-24"]
[Site "Slovakia"]
[Date "2024.02.25"]
[Round "8"]
[White "Stalmach, Richard"]
[Black "Horvath, Csaba"]
[Result "0-1"]
[ECO "D41"]
[WhiteElo "2433"]
[BlackElo "2493"]
[Annotator "ChessBase"]
[PlyCount "100"]
[EventDate "2023.10.06"]
[EventType "team-tourn"]
[EventCountry "SVK"]
[SourceTitle "playchess.com"]
[Source "ChessBase"]
[SourceQuality "1"]
[TimeControl "40/5400+30:1800+30"]

1. d4 Nf6 2. c4 e6 3. Nf3 d5 4. Nc3 c5 5. cxd5 Nxd5 6. e3 cxd4 7. exd4 Nxc3 8. bxc3 Qc7 9. a4 Be7 10. Bd2 O-O 11. Bd3 b6 12. O-O Nd7 13. Re1 Bb7 14. a5 Bd6 15. a6 Bd5 16. Qe2 Bf4 17. Bxf4 Qxf4 18. Nd2 Rac8 19. c4 Ba8 20. Ne4 Rfd8 21. Rad1 Nf6 22. Qe3 Qxe3 23. Nxf6+ gxf6 24. fxe3 f5 25. Kf2 Be4 26. Be2 Kf8 27. Rg1 Ke7 28. g4 Rg8 29. gxf5 Bxf5 30. Rxg8 Rxg8 31. Bf3 Rc8 32. e4 Bg6 33. h4 f6 34. Rc1 e5 35. d5 Kd6 36. Ke3 b5 37. h5 Be8 38. Kd2 bxc4 39. Kc3 Rb8 40. Be2 Rb3+ 41. Kd2 c3+ 42. Rxc3 Rxc3 43. Kxc3 h6 44. Kc4 Bd7 45. Bd1 Bc8 46. Kb5 Bh3 47. Bf3 f5 48. exf5 Bxf5 49. Kc4 Bc8 50. Kb5 Bh3 0-1

[Event "ECo-C Extraliga 2023-24"]
[Site "Slovakia"]
[Date "2024.02.25"]
[Round "8"]
[White "Zylka, Stanislaw"]
[Black "Horvath, Jozsef"]
[Result "1/2-1/2"]
[ECO "E10"]
[WhiteElo "2411"]
[BlackElo "2411"]
[Annotator "ChessBase"]
[PlyCount "27"]
[EventDate "2023.10.06"]
[EventType "team-tourn"]
[EventCountry "SVK"]
[SourceTitle "playchess.com"]
[Source "ChessBase"]
[SourceQuality "1"]
[TimeControl "40/5400+30:1800+30"]

1. d4 Nf6 2. c4 e6 3. Nf3 d5 4. g3 Bb4+ 5. Bd2 Be7 6. Bg2 O-O 7. O-O c6 8. Qc2 b6 9. Rd1 Bb7 10. Bg5 Nbd7 11. Nbd2 c5 12. Rac1 Rc8 13. Qb1 h6 14. cxd5 1/2-1/2